 Dungeon Crawl Stone Soup version 0.17.0-24-gcfadda4 (webtiles) character file.

857 oplop the Insei (level 8, -2/54 HPs)
             Began as an Octopode Transmuter on Nov 17, 2015.
             Slain by an orc wizard
             ... wielding a +0 dagger
              (5 damage)
             ... on level 4 of the Dungeon.
             The game lasted 00:11:09 (5296 turns).

oplop the Insei (Octopode Transmuter)               Turns: 5296, Time: 00:11:10

Health: -2/54      AC:  1    Str: 11    XL:     8   Next: 2%
Magic:  14/14      EV: 12    Int: 16    God:
Gold:   190        SH:  0    Dex: 12    Spells: 4 memorised, 5 levels left

rFire  . . .     SeeInvis .     q - +3 dagger (freeze)
rCold  + . .     Clarity  .     (no shield)
rNeg   . . .     SustAt   .     (helmet restricted)
rPois  .         Gourm    .     (no amulet)
rElec  .         Spirit   .     h - ring of stealth
rCorr  .         Warding  .     j - ring of protection from magic
rMut   .         Stasis   .     k - ring of protection from cold
MR     +....                    (no ring)
Stlth  +++.......               (no ring)
                                (no ring)
                                (no ring)
                                (no ring)

@: appendage (expiring), somewhat resistant to hostile enchantments, fairly
stealthy
A: almost no armour, amphibious, 8 rings, constrict 8, tentacle spike 3,
camouflage 1, gelatinous body 1
a: End Transformation


You were on level 4 of the Dungeon.
You were not hungry.
One of your tentacles had a temporary spike.
You visited 1 branch of the dungeon, and saw 4 of its levels.

You collected 190 gold pieces.

Inventory:

Hand Weapons
 q - a +3 dagger of freezing (weapon)
Missiles
 a - 32 arrows
Jewellery
 h - a ring of stealth (left tentacle)
 j - a ring of protection from magic (right tentacle)
 k - a ring of protection from cold (on tentacle)
Wands
 i - a wand of enslavement (17)
 s - a wand of confusion (17)
Scrolls
 g - a scroll of blinking
Potions
 m - 2 potions of haste {unknown}
 n - a potion of flight {unknown}
 o - 2 potions of heal wounds {unknown}
 r - a potion of degeneration {unknown}
 v - a potion of poison {unknown}
Books
 b - a book of Changes

   Spells                             Type                      Level
   a - Beastly Appendage              Transmutation                1
   b - Sticks to Snakes               Transmutation                2
   c - Spider Form                    Transmutation/Poison         3
   d - Ice Form                       Ice/Transmutation            4
   e - Blade Hands                    Transmutation                5
Comestibles
 c - 5 bread rations
 f - 3 meat rations
 l - a beef jerky


   Skills:
 - Level 4.1 Fighting
 + Level 2.2 Dodging
 + Level 4.9 Unarmed Combat
 + Level 4.0 Spellcasting
 + Level 4.1 Transmutations
 + Level 0.6 Ice Magic
 - Level 3.9 Poison Magic


You had 5 spell levels left.
You knew the following spells:

 Your Spells              Type           Power        Failure   Level  Hunger
a - Beastly Appendage     Trmt           ###...       3%          1    None
b - Sticks to Snakes      Trmt           ###.......   6%          2    ##.....
c - Spider Form           Trmt/Pois      ###.......   12%         3    ###....
d - Ice Form              Ice/Trmt       ##......     75%         4    ####...


Dungeon Overview and Level Annotations

Branches:
Dungeon (4/15)
 Temple: D:4-7

Altars:
Elyvilon
Kikubaaqudgha
Sif Muna


Innate Abilities, Weirdness & Mutations

You cannot wear most types of armour.
You are amphibious.
You can wear up to eight rings at the same time.
You can use your tentacles to constrict eight enemies at once.
Your skin changes colour to match your surroundings (Stealth).
Your rubbery body absorbs attacks (AC +1).
One of your tentacles bears a large vicious spike.


Message History

* * * LOW HITPOINT WARNING * * *
Drink which item? (? for menu, Esc to quit)
You feel better. Something hits you.
* * * LOW HITPOINT WARNING * * *
Read which item? (? for menu, Esc to quit)
As you read the scroll labeled COAMPU ODONA, it crumbles to dust.
The scroll dissolves into smoke.
It was a scroll of fog.
Something hits you.
* * * LOW HITPOINT WARNING * * *
Drink which item? (? for menu, Esc to quit)
You feel better. Something barely misses you.
You miss something. Something hits you.
* * * LOW HITPOINT WARNING * * *
You miss something.
You pierce something.
You closely miss something. You tentacle-slap something.
You hear some strange, mumbled words.
A magic dart appears from out of thin air!
The magic dart hits you!
* * * LOW HITPOINT WARNING * * *
Something hits you.
You die...

##.##..# ##...##.#
#.._..### #.8.8.#
###'### #...#
#§§§# #§§§#
#{@§#### ######..
....... $......
..(.[.. .....K. #
.......###########
.......'.p...p...'
.......#..########


There were no monsters in sight!

Vanquished Creatures
  Pikel (D:4)
  An ogre (D:4)
  A slave (D:4)
  A hound (D:4)
  2 worker ants (D:4)
  Robin (D:4)
  4 gnolls (D:4)
  9 adders
  2 oozes (D:1)
  An adder skeleton (D:4)
  3 worms
  2 giant geckos
  6 orcs
  2 ball pythons
  3 bats
  3 giant cockroaches
  13 goblins
  9 hobgoblins
  4 jackals (D:2)
  3 quokkas
  A giant gecko skeleton (D:4)
  12 kobolds
  4 rats
88 creatures vanquished.

Vanquished Creatures (collateral kills)
  A worm (D:3)
1 creature vanquished.

Vanquished Creatures (others)
  An ice beast (D:4)
  A slave (D:4)
  A worker ant (D:4)
3 creatures vanquished.

Grand Total: 92 creatures vanquished

Notes
Turn   | Place    | Note
--------------------------------------------------------------
     0 | D:1      | oplop the Octopode Transmuter began the quest for the Orb.
     0 | D:1      | Reached XP level 1. HP: 13/13 MP: 3/3
   332 | D:1      | Reached XP level 2. HP: 15/18 MP: 1/5
  1200 | D:2      | Reached XP level 3. HP: 21/24 MP: 4/6
  1541 | D:2      | Learned a level 2 spell: Sticks to Snakes
  1545 | D:2      | Learned a level 3 spell: Spider Form
  1974 | D:2      | Reached XP level 4. HP: 19/29 MP: 6/8
  2497 | D:3      | Reached skill level 1 in Poison Magic
  2867 | D:3      | Found a white marble altar of Elyvilon.
  3178 | D:3      | Reached XP level 5. HP: 22/35 MP: 7/9
  3223 | D:3      | Found an ancient bone altar of Kikubaaqudgha.
  3825 | D:4      | Noticed Robin
  4024 | D:4      | Killed Robin
  4329 | D:4      | Reached XP level 6. HP: 38/42 MP: 8/10
  4419 | D:4      | Noticed a slave
  4421 | D:4      | Noticed a slave
  4421 | D:4      | Noticed a slave
  4421 | D:4      | Noticed Pikel
  4421 | D:4      | Noticed a slave
  4466 | D:4      | Killed a slave
  4486 | D:4      | Killed Pikel
  4486 | D:4      | Reached skill level 4 in Unarmed Combat
  4486 | D:4      | Reached XP level 7. HP: 13/47 MP: 6/12
  5123 | D:4      | Killed a freed slave
  5158 | D:4      | Learned a level 4 spell: Ice Form
  5198 | D:4      | Noticed an ogre
  5217 | D:4      | Killed an ogre
  5217 | D:4      | Reached XP level 8. HP: 42/54 MP: 10/14
  5243 | D:4      | Found a deep blue altar of Sif Muna.
  5296 | D:4      | Slain by an orc wizard

Action                   |  1- 3 |  4- 6 |  7- 9 || total
-------------------------+-------+-------+-------++-------
Melee: Unarmed           |    75 |    53 |    12 ||   140
       Dagger            |       |    63 |    29 ||    92
 Cast: Beastly Appendage |    24 |    36 |     8 ||    68
       Sticks to Snakes  |       |     8 |       ||     8
       Spider Form       |       |     4 |     2 ||     6
Evoke: Wand              |       |     2 |       ||     2
  Use: Potion            |       |     1 |     3 ||     4
       Scroll            |       |       |     6 ||     6
 Stab: Sleeping          |     6 |     5 |     2 ||    13
       Confused          |       |     2 |       ||     2
  Eat: Chunk             |     3 |     9 |     2 ||    14
       Royal jelly       |       |       |     1 ||     1
